 Dungeon Crawl Stone Soup version 0.29.0-4-gdea44cf6ec (webtiles) character file.

Game seed: 4367497851613665393

2 qw the Firebug (level 1, 0/14 HPs)
             Began as a Ghoul Fire Elementalist on Aug 30, 2022.
             Slain by a jackal (2 damage)
             ... on level 1 of the Dungeon.
             The game lasted 00:00:06 (67 turns).

qw the Firebug (Ghoul Fire Elementalist)              Turns: 67, Time: 00:00:07

Health: 0/14       AC:  2    Str: 11    XL:     1   Next: 30%
Magic:  2/2        EV: 12    Int: 10    God:
Gold:   0          SH:  0    Dex:  9    Spells: 2/3 levels left

rFire   . . .      SeeInvis .   (no weapon)
rCold   + . .      Faith    .   (no shield)
rNeg    + + +      Spirit   .   a - +0 robe
rPois   inf        Reflect  .   (no helmet)
rElec   .          Harm     .   (no cloak)
rCorr   .          Rampage  .   (no gloves)
Will    .....                   (no boots)
Stlth   ++........              (no amulet)
HPRegen 0.00/turn               (no ring)
MPRegen 0.08/turn               (no ring)

@: inhibited regen
A: claws 1, cold resistance 1, negative energy resistance 3, inhibited
regeneration, torment resistance 2, devour on kill
a: no special abilities


You were on level 1 of the Dungeon.
You visited 1 branch of the dungeon, and saw 1 of its levels.


Innate Abilities, Weirdness & Mutations

You are immune to poison.
You have sharp fingernails.
Your flesh is cold resistant. (rC+)
You are immune to negative energy. (rN+++)
You do not regenerate when monsters are visible.
You are immune to unholy pain and torment.
You thrive by killing the living.


   Skills:
 - Level 1.7 Dodging
 - Level 2.1 Stealth
 + Level 0.7 Unarmed Combat
 - Level 1.7 Spellcasting
 - Level 0.7 Conjurations
 - Level 2.4 Fire Magic


You had 2 spell levels left.
You knew the following spells:

 Your Spells              Type           Power      Damage    Failure   Level
a - Foxfire               Conj/Fire      16%        2x1d4     17%         1

Your spell library contained the following spells:

 Spells                   Type           Power      Damage    Failure   Level
 Scorch                   Fire           10%        2d5       19%         2
 Conjure Flame            Conj/Fire      4%         6-21      45%         3
 Inner Flame              Hex/Fire       3%         N/A       52%         3
 Flame Wave               Conj/Fire      4%         2d5       86%         4

Inventory:

Armour
 a - a +0 robe (worn)
 c - a +0 leather armour
Potions
 b - a potion of magic

Dungeon Overview and Level Annotations

Branches:
Dungeon (1/15)

Altars:


Message History

c - a +0 leather armour A jackal comes into view.
Enter note: 3 jackals come into view.
The jackal barks! x2
The jackal barks!
You scratch the jackal.
The jackal is severely wounded.
The jackal misses you.
You barely miss the jackal.
The jackal is severely wounded.
The jackal bites you but does no damage.
You scratch the jackal.
The jackal is almost dead.
The jackal bites you.
60 ||| Stepping ~*~*~tactically~*~*~ (outnumbered).
The jackal closely misses you. The jackal bites you.
61 ||| Stepping ~*~*~tactically~*~*~ (outnumbered).
The jackal attacks as you move away! The jackal barely misses you.
The jackal attacks as you move away! The jackal closely misses you.
You scratch the jackal but do no damage.
The jackal barely misses you.
You barely miss the jackal. The jackal bites you.
A frilled lizard comes into view.
You barely miss the jackal.
The jackal is severely wounded.
The frilled lizard hisses angrily.
The jackal bites you. The jackal barely misses you. x2
You scratch the jackal.
You kill the jackal!
The jackal bites you. The jackal barely misses you.
You scratch the jackal.
The jackal is severely wounded.
The jackal barely misses you. The jackal closely misses you.
The jackal bites you. The jackal barely misses you.
You barely miss the jackal. Your claw misses the jackal.
The jackal is heavily wounded.
The jackal closely misses you. The jackal bites you.
You die...

#......# ..# ....... ...
... ...... ..# #.# # #...#
#.# #.# #..#...# #.# ##.#
.#..#...###.### ...
........l......# #.#
#.#..#..h###.###
##.#####.#.....h@.....#
......................###.
##.##.##.#..#..............
...##.##.#..#..##.....###.#
#.....................#
.........................
#...........#..##.....###
#........##.#...........
#...........#..##...#.###


You could see 2 jackals and a frilled lizard.

Vanquished Creatures
  A jackal (D:1)
  A rat (D:1)
2 creatures vanquished.

Notes
Turn   | Place    | Note
-------+----------+-------------------------------------------
     0 | D:1      | qw the Ghoul Fire Elementalist began the quest for the Orb.
     0 | D:1      | Reached XP level 1. HP: 14/14 MP: 2/2
     0 | D:1      | 0 ||| qw: Version: 0.1-a-90-g952f4b7
     0 | D:1      | 0 ||| qw: Game counter: 4313
     0 | D:1      | 0 ||| qw: Always use a shield: true
     0 | D:1      | 0 ||| qw: God list: Okawaru
     0 | D:1      | 0 ||| qw: Allow faded altars: false
     0 | D:1      | 0 ||| qw: Do Orc after D:15 true
     0 | D:1      | 0 ||| qw: Do second Lair branch before Depths: true
     0 | D:1      | 0 ||| qw: Lair rune preference: random
     0 | D:1      | 0 ||| qw: Plans: Normal
     0 | D:1      | 0 ||| PLANNING D:1-11
    60 | D:1      | 60 ||| Stepping ~*~*~tactically~*~*~ (outnumbered).
    61 | D:1      | 61 ||| Stepping ~*~*~tactically~*~*~ (outnumbered).
    66 | D:1      | HP: 2/14 [jackal (3)]
    67 | D:1      | Slain by a jackal

Levels and vault maps discovered:
D:1:      lemuel_arrival_cross, layout_basic

Action                   || total
-------------------------++-------
Melee: Unarmed           ||    12
Armor: Robe              ||     2
Dodge: Dodged            ||    13

Table legend:
 A = Non-vault XP
 B = Vault XP
 C = Vault XP percentage of total XP
 D = Non-vault monster count
 E = Vault monster count
 F = Vault count percentage of total count
                 A         B        C        D         E       F
            +---------+---------+-------+---------+---------+-------
      Total |       3 |       0 |   0.0 |       2 |       0 |   0.0
            +---------+---------+-------+---------+---------+-------
        D:1 |       3 |       0 |   0.0 |       2 |       0 |   0.0
            +---------+---------+-------+---------+---------+-------
